 Dungeon Crawl Stone Soup version 0.25.1-2-g60ff931df9 (webtiles) character file.

Game seed: 169960569594059132

179 Kaptain the Firebug (level 5, -8/29 HPs)
             Began as a Gargoyle Fire Elementalist on Sept 11, 2020.
             Killed by divine providence
             ... invoked by an orc priest
              (14 damage)
             ... on level 2 of the Dungeon.
             The game lasted 00:10:08 (2267 turns).

Kaptain the Firebug (Gargoyle Fire Elementalist)    Turns: 2267, Time: 00:10:08

Health: -8/29      AC:  8    Str: 11      XL:     5   Next: 59%
Magic:  0/9        EV: 11    Int: 16 (17) God:
Gold:   128        SH:  0    Dex: 10      Spells: 9/10 levels left

rFire    . . .     SeeInvis .   e - +0 short sword
rCold    . . .     Gourm    .   (no shield)
rNeg     + . .     Faith    .   d - +0 leather armour
rPois    ∞         Spirit   .   h - +0 helmet
rElec    +         Reflect  .   g - scarf {repulsion}
rCorr    .         Harm     .   (no gloves)
MR       .....                  (no boots)
Stlth    +++.......             (no amulet)
HPRegen  0.09/turn              f - ring of stealth
MPRegen  0.11/turn              (no ring)

@: repel missiles
A: negative energy resistance 1, electricity resistance, unbreathing,
petrification resistance, rot immunity, AC +4
a: no special abilities


You were on level 2 of the Dungeon.
You were not hungry.

You visited 1 branch of the dungeon, and saw 3 of its levels.

You collected 128 gold pieces.

Inventory:

Hand Weapons
 e - a +0 short sword (weapon)
Armour
 a - a +0 robe
 d - a +0 leather armour (worn)
 g - a scarf of repulsion (worn)
 h - a +0 helmet (worn)
Jewellery
 f - a ring of stealth (left hand)
Scrolls
 b - 3 scrolls of teleportation
Potions
 j - a potion of stabbing
 k - a potion of might {unknown}
Comestibles
 c - 5 rations
 i - 3 chunks of flesh


   Skills:
 + Level 1.6 Fighting
 + Level 1.6 Armour
 - Level 1.5 Dodging
 - Level 2.1 Stealth
 * Level 3.0 Spellcasting
 * Level 3.0 Conjurations
 * Level 4.0 Fire Magic


You had 9 spell levels left.
You knew the following spells:

 Your Spells              Type           Power        Failure   Level  Hunger
a - Foxfire               Conj/Fire      ##..         6%          1    #......

Your spell library contained the following spells:

 Spells                   Type           Power        Failure   Level  Hunger
 Conjure Flame            Conj/Fire      ##......     17%         3    ###....
 Inner Flame              Hex/Fire       #.......     32%         3    ###....
 Sticky Flame             Conj/Fire      ##......     50%         4    #####..
 Fireball                 Conj/Fire      ##........   85%         5    ######.


Dungeon Overview and Level Annotations

Branches:
Dungeon (3/15)

Altars:
Dithmenos
Uskayaw
Wu Jian
Zin


Innate Abilities, Weirdness & Mutations

You are resistant to torment.
Your stone body is resilient. (AC +4)
You are immune to poison.
You resist negative energy. (rN+)
You are resistant to electric shocks. (rElec)
You can survive without breathing.
You are immune to petrification.
You are immune to rotting.


Message History

The orc priest is severely wounded.
The foxfire hits the orc priest but does no damage.
The orc priest is severely wounded.
The foxfire hits the orc priest.
The orc priest is almost dead.
The orc priest closely misses you.
You closely miss the orc priest.
The orc priest is almost dead.
The orc priest looks encouraged for a moment.
You closely miss the orc priest.
The orc priest is almost dead.
The orc priest hits you with a cursed +0 dagger.
* * * LOW HITPOINT WARNING * * *
The orc priest misses you.
Casting: Foxfire (safe; 6% risk of failure)
Confirm with . or Enter, or press ? or * to list all spells.
You conjure some foxfire!
The orc priest invokes the aid of Beogh against you.
Beogh smites you!
You die...

#.#....#.# #.....#....
#..##..#.# #.###.#.###
##.##..#.###.# #...#
#........##.# #####
#..#.##.....#
##########..#.##.#####
#........#..#.....# ########
#...........v.##..####...÷..##
#........###v@##..#...........
##...##....#.o##..#.##......##
###.##.##.##.#####.##......##
#.##.##.##>......##......##
#....##...#########......##
###.......# #########
#...##...# #...<#...#
#...##...#


You could see an orc priest.

Vanquished Creatures
  A sky beast (D:1)
  3 adders (D:2)
  An ooze (D:2)
  5 dart slugs
  A ball python (D:2)
  7 bats
  2 giant cockroaches
  6 goblins
  8 hobgoblins
  2 jackals (D:2)
  3 kobolds
  A frilled lizard (D:2)
  8 rats
48 creatures vanquished.

Vanquished Creatures (others)
  151 foxfires
151 creatures vanquished.

Grand Total: 199 creatures vanquished

Notes
Turn   | Place    | Note
-------+----------+-------------------------------------------
     0 | D:1      | Kaptain the Gargoyle Fire Elementalist began the quest for
                  | the Orb.
     0 | D:1      | Reached XP level 1. HP: 10/10 MP: 3/3
   142 | D:1      | Reached XP level 2. HP: 13/15 MP: 1/5
   584 | D:1      | Reached XP level 3. HP: 20/20 MP: 3/6
  1004 | D:2      | Found a hide-covered altar of Uskayaw.
  1004 | D:2      | Noticed a +0 dagger
  1004 | D:2      | Noticed a +0 dagger
  1016 | D:2      | Found an ornate altar of the Wu Jian Council.
  1274 | D:2      | Reached skill level 1 in Armour
  1355 | D:2      | Found a faded altar of an unknown god.
  1358 | D:2      | Noticed a sky beast
  1360 | D:2      | Reached skill level 1 in Fighting
  1360 | D:2      | Reached XP level 4. HP: 25/25 MP: 2/7
  1475 | D:1      | Killed a sky beast
  1475 | D:1      | Reached XP level 5. HP: 10/29 MP: 0/9
  1961 | D:2      | Found a shadowy altar of Dithmenos.
  2020 | D:2      | Found a glowing silver altar of Zin.
  2196 | D:2      | Reached skill level 4 in Fire Magic
  2267 | D:2      | Killed from afar by an orc priest

Illustrated notes

Levels and vault maps discovered:
D:1:      roderic_chinese_lattice_arrival, layout_rooms
D:2:      layout_basic, zin_scriptorium, old_standard_altar, lemuel_round_altar,
          dancing_weapons_uskayaw, first_ration,
          chequers_ecumenical_altar_simple_redux
D:3:      layout_rooms

Skill      XL: |  1  2  3  4  5 |
---------------+----------------+-----
Conjurations   | 2 3 |  3.0
Armour         | 1 |  1.6
Fighting       | 1 |  1.6
Spellcasting   | 3 |  3.0
Fire Magic     | 4 |  4.0
Dodging        | |  1.5
Stealth        | |  2.1

Action                   |  1- 3 |  4- 6 || total
-------------------------+-------+-------++-------
Melee: Dagger            |     3 |       ||     3
       Short sword       |     7 |    40 ||    47
 Cast: Foxfire           |    51 |    41 ||    92
  Use: Scroll            |     3 |     1 ||     4
       Potion            |     3 |       ||     3
  Eat: Chunk             |     2 |     3 ||     5
Armor: Robe              |     6 |       ||     6
       Leather armour    |     7 |    38 ||    45
Dodge: Dodged            |    25 |    26 ||    51
       Repelled          |       |     1 ||     1
